 Dungeon Crawl Stone Soup version 0.30.0-29-ga12c61a403 (webtiles) character file.

Game seed: 15482391993800236023

390 qw the Chopper (level 6, -1/38 HPs)
             Began as a Gargoyle Fighter on June 3, 2023.
             Killed by divine providence
             ... invoked by an orc priest
              (13 damage)
             ... on level 4 of the Dungeon.
             The game lasted 00:01:20 (2875 turns).

qw the Chopper (Gargoyle Fighter)                   Turns: 2875, Time: 00:01:20

Health: -1/38      AC: 17    Str: 21    XL:     6   Next: 80%
Magic:  6/6        EV:  9    Int:  9    God:
Gold:   40         SH:  9    Dex:  9    Spells: 5/5 levels left

rFire   . . .        Y - +1 war axe
rCold   . . .        c - +0 buckler
rNeg    + . .        b - +0 scale mail
rPois   inf          e - +0 helmet
rElec   +            (no cloak)
rCorr   +            (no gloves)
SInv    .            h - +0 pair of boots
Will    .....        f - amulet of reflection Stlth
                     m - ring of resist corrosion
HPRegen 0.26/turn    l - +4 ring of protection
MPRegen 0.10/turn

%: reflection
@: no status effects
A: sickness immunity, AC +4, negative energy resistance 1, electricity
resistance, torment resistance 1, petrification resistance
a: no special abilities


You were on level 4 of the Dungeon.
You visited 1 branch of the dungeon, and saw 4 of its levels.

You collected 247 gold pieces.
You spent 207 gold pieces at shops.


Innate Abilities, Weirdness & Mutations

You are immune to sickness and miasma.
Your stone body is resilient. (AC +4)
You are immune to poison.
You resist negative energy. (rN+)
You are resistant to electric shocks. (rElec)
You are resistant to unholy torment.
You are immune to petrification.


   Skills:
 - Level 4.0 Fighting
 - Level 5.7 Axes
 - Level 1.3 Throwing
 - Level 3.2 Armour
 + Level 0.6 Dodging
 - Level 3.2 Shields


You had 5 spell levels left.
You didn't know any spells.
Your spell library was empty.

Inventory:

Hand Weapons
 o - a +0 flail of draining
 Y - a +1 war axe (weapon)
Armour
 b - a +0 scale mail (worn)
 c - a +0 buckler (worn)
 e - a +0 helmet (worn)
 h - a +0 pair of boots (worn)
 t - a scarf of harm
Jewellery
 f - an amulet of reflection (around neck)
 l - a +4 ring of protection (right hand)
 m - a ring of resist corrosion (left hand)
Scrolls
 g - 2 scrolls of teleportation
 r - a scroll of enchant armour {unknown}
 s - 2 scrolls of identify
Potions
 a - a potion of curing
 d - 4 potions of might
 i - a potion of heal wounds {unknown}
 j - a potion of ambrosia {unknown}
 k - a potion of degeneration {unknown}
 p - a potion of mutation {unknown}
 q - 2 potions of attraction {unknown}

Dungeon Overview and Level Annotations

Branches:
Dungeon (4/15)
 Temple: D:4-7

Altars:
Nemelex Xobeh
Trog

Shops:
D:4 *


Message History

The gnoll hits you but does no damage.
The orc priest mumbles some strange prayers to Beogh against you.
Beogh smites you! You block the ball python's attack. x2
The gnoll hits you but does no damage.
You slash the gnoll!
You kill the gnoll!
You barely miss the ball python.
The ball python bites you but does no damage.
The ball python barely misses you.
The ball python bites you but does no damage.
You block the ball python's attack.
You hit the orc.
The orc is lightly wounded.
You closely miss the ball python. You block the ball python's attack.
The ball python grabs you. The ball python constricts you.
The orc hits you but does no damage.
You hit the ball python.
The ball python is severely wounded.
You hit the orc. You block the ball python's attack.
The ball python constricts you. You block the orc's attack.
You block the ball python's attack. The ball python constricts you.
You closely miss the ball python.
The ball python is severely wounded.
You slash the orc!
You kill the orc!
A gnoll comes into view. It is wielding a +0 flail.
The ball python bites you but does no damage.
The ball python constricts you.
The orc priest hits you but does no damage.
The orc hits you but does no damage.
The gnoll moves out of view.
You slash the ball python!
You kill the ball python!
You completely miss the orc. You block the orc's attack.
You block the orc priest's attack.
You barely miss the orc. You hit the orc but do no damage.
The orc barely misses you.
The orc priest mumbles some strange prayers to Beogh against you.
Beogh smites you!
You die...

#........#..
#........###
#........#
#........#
#:.......# ####
#........#
#>.####........#
#.......#+######
#@#####.# #oo#
#... #go# ###.#
#g.o .# #.... #
#....g #......
#.....(#


You could see an orc priest, 2 gnolls, 3 orcs and a hobgoblin.

Vanquished Creatures
  Grinder (D:3)
  A hound (D:4)
  Robin (D:3)
  3 gnolls (D:4)
  5 adders
  2 worms (D:3)
  2 dart slugs
  2 orcs
  11 ball pythons
  7 bats
  5 endoplasms
  5 giant cockroaches
  9 goblins
  10 hobgoblins
  3 jackals (D:3)
  2 quokkas (D:1)
  5 frilled lizards
  2 rats (D:3)
76 creatures vanquished.

Notes
Turn   | Place    | Note
-------+----------+-------------------------------------------
     0 | D:1      | qw the Gargoyle Fighter began the quest for the Orb.
     0 | D:1      | Reached XP level 1. HP: 14/14 MP: 1/1
     0 | D:1      | 0 ||| qw: Version: 0.2-a-103-g5a998e5
     0 | D:1      | 0 ||| qw: Game counter: 1066
     0 | D:1      | 0 ||| qw: Always use a shield: true
     0 | D:1      | 0 ||| qw: God list: Okawaru
     0 | D:1      | 0 ||| qw: Allow faded altars: false
     0 | D:1      | 0 ||| qw: Do Orc after D:15 true
     0 | D:1      | 0 ||| qw: Do second Lair branch before Depths: true
     0 | D:1      | 0 ||| qw: Lair rune preference: random
     0 | D:1      | 0 ||| qw: Plans: Normal, Zot:1-4, Slime:5, God:TSO, Crypt,
                  | Tomb, Pan, Hells, Abyss, Win
     0 | D:1      | 0 ||| PLANNING D:1-11
    67 | D:1      | Reached skill level 2 in Axes
   265 | D:1      | Reached XP level 2. HP: 19/19 MP: 2/2
   787 | D:1      | 787 ||| READING scroll labelled HOIRARI NURAZE.
   790 | D:1      | 790 ||| READING scroll labelled RUODIO DEMEMM.
   791 | D:1      | 791 ||| READING scroll labelled ACLEUHO NY SAE.
   963 | D:2      | Reached skill level 3 in Axes
   963 | D:2      | Reached XP level 3. HP: 23/23 MP: 3/3
  1490 | D:2      | 1490 ||| DROPPING +0 club.
  1570 | D:2      | 1570 ||| DROPPING +0 mace.
  1689 | D:2      | Reached skill level 1 in Throwing
  1701 | D:2      | 1701 ||| UPGRADING to amulet of reflection.
  1706 | D:2      | 1706 ||| UPGRADING to ring of resist corrosion.
  1707 | D:2      | 1707 ||| READING scroll labelled YDIMIPP SEXZAPH.
  1708 | D:2      | 1708 ||| READING scroll labelled OWANEFAPH.
  1709 | D:2      | 1709 ||| READING scroll labelled KIPADU OLUDIUL.
  1710 | D:2      | 1710 ||| DRINKING 2 metallic amethyst potions.
  1711 | D:2      | 1711 ||| DROPPING potion of flight.
  1732 | D:3      | 1732 ||| Stepping ~*~*~tactically~*~*~ (stealth).
  1738 | D:3      | Reached XP level 4. HP: 28/28 MP: 4/4
  1777 | D:3      | 1777 ||| Stepping ~*~*~tactically~*~*~ (stealth).
  1779 | D:3      | Noticed Robin
  1797 | D:3      | Killed Robin
  1825 | D:3      | Found a bloodstained altar of Trog.
  1972 | D:3      | Reached skill level 4 in Axes
  1983 | D:3      | 1983 ||| Stepping ~*~*~tactically~*~*~ (stealth).
  2096 | D:3      | Reached XP level 5. HP: 29/32 MP: 5/5
  2155 | D:3      | Noticed Grinder
  2168 | D:3      | Killed Grinder
  2169 | D:3      | Reached skill level 5 in Axes
  2169 | D:3      | Reached XP level 6. HP: 26/37 MP: 6/6
  2266 | D:3      | Found a faded altar of an unknown god.
  2292 | D:3      | Found a sparkling altar of Nemelex Xobeh.
  2582 | D:3      | 2582 ||| UPGRADING to +0 helmet.
  2587 | D:3      | 2587 ||| UPGRADING to +0 pair of boots.
  2592 | D:3      | 2592 ||| UPGRADING to +4 ring of protection.
  2593 | D:3      | 2593 ||| DRINKING 2 ruby potions.
  2594 | D:3      | 2594 ||| DRINKING 2 yellow potions.
  2700 | D:3      | 2700 ||| DROPPING potion of berserk rage.
  2775 | D:4      | Found Uhepraco's Assorted Antiques.
  2783 | D:4      | 2783 ||| BUYING fizzy coppery potion (24 gold).
  2783 | D:4      | Bought a fizzy coppery potion for 24 gold pieces
  2783 | D:4      | 2783 ||| BUYING lumpy yellow potion (24 gold).
  2783 | D:4      | Bought a lumpy yellow potion for 24 gold pieces
  2783 | D:4      | 2783 ||| BUYING lumpy yellow potion (24 gold).
  2783 | D:4      | Bought a lumpy yellow potion for 24 gold pieces
  2783 | D:4      | 2783 ||| BUYING scroll labelled FUMEODYKHLI (27 gold).
  2783 | D:4      | Bought a scroll labelled FUMEODYKHLI for 27 gold pieces
  2783 | D:4      | 2783 ||| BUYING scroll of identify (54 gold).
  2783 | D:4      | Bought a scroll of identify for 54 gold pieces
  2783 | D:4      | 2783 ||| BUYING scroll of identify (54 gold).
  2783 | D:4      | Bought a scroll of identify for 54 gold pieces
  2783 | D:4      | 2783 ||| SHOPLISTING short gold wand (108 gold, have 31).
  2875 | D:4      | Killed from afar by an orc priest

Levels and vault maps discovered:
D:1:      mrwooster_arrival_statue_3, layout_loops_ring
D:2:      layout_basic, grunt_ministairs_4, skrybe_limestone_x
D:3:      minmay_chambers_of_twos, layout_basic,
          nemelex_xobeh_ov_fountains_minmay, mainiacjoe_overflow_alcove_1,
          shapermc_ecumenical_altar_totnotflames, minmay_misc_feat_five,
          uniq_robin, uniq_grinder
D:4:      layout_basic, serial_shops, nicolae_shop_tiny_real_fake_doors

Skill      XL: |  1  2  3  4  5  6 |
---------------+-------------------+-----
Axes           | 2 3 4 5 |  5.7
Throwing       | 1 |  1.3
Fighting       | 4 |  4.0
Armour         | |  3.2
Dodging        | |  0.6
Shields        | |  3.2

Action                     |  1- 3 |  4- 6 || total
---------------------------+-------+-------++-------
  Melee: War axe           |    97 |   115 ||   212
  Throw: Javelin           |    20 |    25 ||    45
    Use: Scroll            |     6 |       ||     6
         Potion            |     1 |     2 ||     3
 Armour: Scale mail        |    51 |    45 ||    96
  Dodge: Dodged            |    61 |    44 ||   105
  Block: Buckler           |    23 |    57 ||    80

Table legend:
 A = Non-vault XP
 B = Vault XP
 C = Vault XP percentage of total XP
 D = Non-vault monster count
 E = Vault monster count
 F = Vault count percentage of total count
                 A         B        C        D         E       F
            +---------+---------+-------+---------+---------+-------
      Total |     215 |     343 |  61.5 |      54 |      22 |  28.9
            +---------+---------+-------+---------+---------+-------
        D:1 |      26 |       0 |   0.0 |      15 |       0 |   0.0
        D:2 |      31 |      15 |  32.6 |      11 |       2 |  15.4
        D:3 |      51 |     328 |  86.5 |      18 |      20 |  52.6
        D:4 |     107 |       0 |   0.0 |      10 |       0 |   0.0
            +---------+---------+-------+---------+---------+-------
